 Dungeon Crawl Stone Soup version 0.29.1-2-gbd0b4ee654 (webtiles) character file.

Game seed: 5578691935055674213

2476 mortz the Cudgeller (level 9, 0/54 HPs)
             Began as a Gargoyle Monk on Nov 1, 2022.
             Slain by a two-headed ogre
             ... wielding a +0 giant club
              (5 damage)
             ... on level 8 of the Dungeon.
             The game lasted 00:27:14 (7582 turns).

mortz the Cudgeller (Gargoyle Monk)                 Turns: 7582, Time: 00:27:15

Health: 0/54       AC: 19    Str: 19    XL:     9   Next: 51%
Magic:  9/9        EV:  8    Int: 11    God:
Gold:   294        SH:  5    Dex: 12    Spells: 8/8 levels left

rFire   . . .      SeeInvis .   u - +5 dire flail (vorpal)
rCold   . . .      Faith    .   (shield currently unavailable)
rNeg    + + .      Spirit   .   m - +0 chain mail
rPois   ∞          Reflect  +   (no helmet)
rElec   +          Harm     .   z - +0 cloak
rCorr   .          Rampage  .   h - +1 pair of gloves
Will    .....                   (no boots)
Stlth   ..........              i - amulet of reflection
HPRegen 0.18/turn               j - ring of positive energy
MPRegen 0.11/turn               A - ring of wizardry

@: no status effects
A: sickness immunity, AC +6, negative energy resistance 1, electricity
resistance, torment resistance 1, petrification resistance
a: no special abilities


You were on level 8 of the Dungeon.
You visited 2 branches of the dungeon, and saw 9 of its levels.

You collected 479 gold pieces.
You spent 185 gold pieces at shops.

Inventory:

Hand Weapons
 a - a +0 spear of draining
 s - a +5 dagger
 u - a +5 vorpal dire flail (weapon)
 D - a +3 trident
 E - a +4 hand axe
Missiles
 p - 7 boomerangs (quivered)
 B - 5 poisoned darts
 C - a curare-tipped dart
Armour
 h - a +1 pair of gloves (worn)
 m - a +0 chain mail (worn)
 v - a +2 leather armour of cold resistance
 z - a +0 cloak (worn)
Jewellery
 d - an amulet of regeneration
 i - an amulet of reflection (around neck)
 j - a ring of positive energy (left hand)
 A - a ring of wizardry (right hand)
Wands
 w - a wand of digging (6)
 y - a wand of iceblast (7)
 I - a wand of mindburst (14)
 K - a wand of charming (3)
Scrolls
 f - 2 scrolls of enchant weapon {unknown}
 g - 3 scrolls of enchant armour
 l - 2 scrolls of immolation
 q - 2 scrolls of teleportation
 t - a scroll of summoning
 G - a scroll of butterflies
 H - a scroll of magic mapping
 J - a scroll of fear
Potions
 b - a potion of cancellation
 c - a potion of ambrosia
 e - 2 potions of heal wounds
 k - 6 potions of haste
 n - 4 potions of curing
 o - 4 potions of might
 r - 2 potions of attraction
 x - a potion of mutation
 F - a potion of resistance {unknown}


   Skills:
 + Level 5.6 Fighting
 + Level 6.5 Maces & Flails
 + Level 5.4 Polearms
 + Level 1.2 Throwing
 + Level 5.6 Armour
 + Level 3.4 Dodging
 + Level 3.4 Stealth
 + Level 3.9 Shields
 + Level 2.3 Evocations


You had 8 spell levels left.
You didn't know any spells.
Your spell library contained the following spells:

 Spells                   Type           Power      Damage    Failure   Level
 Ensorcelled Hibernation  Hex/Ice        0%         N/A       89%         2
 Passwall                 Tmut/Erth      0%         N/A       89%         2
 Static Discharge         Conj/Air       0%         3-3/arc   89%         2
 Wereblood                Tmut           0%         N/A       89%         2
 Portal Projectile        Hex/Tloc       0%         N/A       98%         3
 Swiftness                Air            0%         N/A       98%         3
 Tukima's Dance           Hex            0%         N/A       98%         3
 Dispel Undead            Necr           0%         3d6       100%        4
 Sticky Flame             Conj/Fire      0%         2d3       100%        4
 Blade Hands              Tmut           0%         N/A       100%        5
 Orb of Destruction       Conj           0%         9d5       100%        7
 Summon Hydra             Summ           0%         N/A       100%        7
 Summon Horrible Things   Summ           0%         N/A       100%        8
 Sublimation of Blood     Necr           Unusable   N/A       N/A         2

Dungeon Overview and Level Annotations

Branches:
Dungeon (8/15) Zot: 26436  Temple (1/1) D:4 Zot: 5780
   Lair: D:8-11

Altars:
Ashenzari
Cheibriados
Elyvilon
Fedhas
Gozag
Hepliaklqana
Kikubaaqudgha
Makhleb
Nemelex Xobeh
Qazlal
Ru
Sif Muna
Trog
Uskayaw
Vehumet
Wu Jian
Xom
Yredelemnul
Zin
The Shining One

Shops:
D:2 !   D:7 *


Innate Abilities, Weirdness & Mutations

You are immune to sickness and miasma.
Your stone body is resilient. (AC +6)
You are immune to poison.
You resist negative energy. (rN+)
You are resistant to electric shocks. (rElec)
You are resistant to unholy torment.
You are immune to petrification.


Message History

The two-headed ogre is heavily wounded.
You closely miss the two-headed ogre.
The two-headed ogre is heavily wounded.
The two-headed ogre barely misses you.
The two-headed ogre hits you with a +0 dire flail.
You barely miss the two-headed ogre.
The two-headed ogre is moderately wounded.
You sock the two-headed ogre!
The two-headed ogre is heavily wounded.
The two-headed ogre hits you with a +0 giant club!
The two-headed ogre hits you with a +0 dire flail.
You hit the two-headed ogre but do no damage.
The two-headed ogre is heavily wounded.
The two-headed ogre barely misses you.
The two-headed ogre hits you with a +0 dire flail!
* * * LOW HITPOINT WARNING * * *
The two-headed ogre attacks as you move away!
The two-headed ogre hits you with a +0 giant club!
* * * LOW HITPOINT WARNING * * *
The two-headed ogre completely misses you.
The two-headed ogre attacks as you move away!
The two-headed ogre hits you with a +0 dire flail.
* * * LOW HITPOINT WARNING * * *
You feel much better.
You hit the two-headed ogre.
The two-headed ogre is severely wounded.
The two-headed ogre completely misses you.
The two-headed ogre closely misses you.
You barely miss the two-headed ogre.
The two-headed ogre is severely wounded.
The two-headed ogre hits you with a +0 giant club!!
* * * LOW HITPOINT WARNING * * *
You hit the two-headed ogre but do no damage.
The two-headed ogre is severely wounded.
You puncture the two-headed ogre!
The two-headed ogre is almost dead.
The two-headed ogre hits you with a +0 giant club!
* * * LOW HITPOINT WARNING * * *
The two-headed ogre hits you with a +0 dire flail.
You die...

##....# #........
#..... #....#.#
#.... ##...... #...
#.#####.#.#.# #..
#...........# #.##
######.#.### #..####
#.#.# ##..O.##
#.#)### ####@.#
#.#<..) ##.##
#.#####
#..########.####
##.....##......#
###..#.......##.#
.........##....#(##
#.###.###.##........
#.. ..##....#.##
########......#


You could see a two-headed ogre.

Vanquished Creatures
  Pikel (D:5)
  Eustachio (D:5)
  A steam dragon (D:8)
  Edmund (D:4)
  Duvessa (D:6)
  A water moccasin (D:8)
  2 ogres
  2 centaurs
  A phantom (D:4)
  A kobold brigand (D:6)
  Blork the orc (D:6)
  A necrophage (D:6)
  A scorpion (D:4)
  Dowan (D:6)
  5 wights (D:7)
  3 hounds
  A jelly (D:4)
  2 orc priests
  Crazy Yiuf (D:5)
  5 iguanas
  An orc wizard (D:5)
  A gnoll (D:7)
  5 adders
  3 white imps
  A worm (D:5)
  4 dart slugs
  14 orcs
  7 ball pythons
  8 endoplasms
  2 giant cockroaches
  4 goblins
  4 hobgoblins (D:1)
  2 jackals (D:4)
  2 quokkas
  2 bats
  A frilled lizard (D:1)
  9 kobolds
  6 rats
109 creatures vanquished.

Vanquished Creatures (others)
  A wizard (D:5)
1 creature vanquished.

Grand Total: 110 creatures vanquished

Notes
Turn   | Place    | Note
-------+----------+-------------------------------------------
     0 | D:1      | mortz the Gargoyle Monk began the quest for the Orb.
     0 | D:1      | Reached XP level 1. HP: 14/14 MP: 1/1
   177 | D:1      | Reached XP level 2. HP: 13/19 MP: 2/2
   958 | D:1      | Found a shimmering altar of Xom.
  1120 | D:2      | Reached XP level 3. HP: 23/23 MP: 3/3
  1137 | D:2      | Found Ceomool's Distillery.
  1141 | D:2      | Found a faded altar of an unknown god.
  1145 | D:2      | Bought a potion of heal wounds for 55 gold pieces
  1153 | D:2      | Found a hazy altar of Hepliaklqana.
  1765 | D:2      | Reached XP level 4. HP: 21/28 MP: 4/4
  2026 | D:2      | Bought a potion of curing for 33 gold pieces
  2138 | D:3      | You fall into a shaft and drop 1 floor!
  2477 | D:4      | Reached skill level 1 in Shields
  2668 | D:4      | Reached skill level 1 in Armour
  2710 | D:4      | Noticed a scorpion
  2727 | D:4      | Killed a scorpion
  2728 | D:4      | Reached XP level 5. HP: 25/33 MP: 5/5
  2825 | D:4      | Found a staircase to the Ecumenical Temple.
  2834 | Temple   | Entered the Ecumenical Temple
  3125 | D:4      | Noticed a phantom
  3186 | D:4      | Killed a phantom
  3187 | D:4      | Reached XP level 6. HP: 19/38 MP: 6/6
  3616 | D:4      | Reached skill level 5 in Polearms
  3901 | D:4      | Noticed Edmund
  3922 | D:4      | Killed Edmund
  3923 | D:4      | Reached XP level 7. HP: 30/43 MP: 7/7
  4090 | D:5      | Entered Level 5 of the Dungeon
  4090 | D:5      | Found a blossoming altar of Fedhas.
  4090 | D:5      | Found a hazy altar of Hepliaklqana.
  4101 | D:5      | Found an opulent altar of Gozag.
  4189 | D:5      | Found an opulent altar of Gozag.
  4194 | D:5      | Found an opulent altar of Gozag.
  4204 | D:5      | Found an opulent altar of Gozag.
  4394 | D:5      | Noticed Eustachio
  4411 | D:5      | Killed Eustachio
  4412 | D:5      | Reached skill level 1 in Maces & Flails
  4412 | D:5      | Found a burning altar of Makhleb.
  4428 | D:5      | Noticed Pikel
  4437 | D:5      | Killed Pikel
  4438 | D:5      | Reached skill level 3 in Maces & Flails
  4438 | D:5      | Reached skill level 1 in Throwing
  4438 | D:5      | Reached skill level 1 in Evocations
  4438 | D:5      | Reached XP level 8. HP: 12/48 MP: 8/8
  4909 | D:5      | Found a bloodstained altar of Trog.
  4910 | D:5      | Noticed a wizard
  4915 | D:5      | Killed a wizard
  4994 | D:5      | Found a runed translucent door.
  4995 | D:5      | Noticed Crazy Yiuf
  5000 | D:5      | Killed Crazy Yiuf
  5080 | D:5      | Got the Lessons on Damaging Mustering
  5122 | D:5      | Found a basalt altar of Yredelemnul.
  5124 | D:5      | Noticed a profane servitor
  5142 | D:5      | Found a glowing golden altar of the Shining One.
  5149 | D:5      | Noticed an angel
  5245 | D:6      | Noticed Dowan
  5246 | D:6      | Noticed Duvessa
  5251 | D:6      | Killed Duvessa
  5252 | D:6      | Reached skill level 5 in Fighting
  5261 | D:6      | Killed Dowan
  5262 | D:6      | Reached skill level 4 in Maces & Flails
  5798 | D:6      | Noticed Blork the orc
  5805 | D:6      | Killed Blork the orc
  5806 | D:6      | Reached skill level 5 in Maces & Flails
  5806 | D:6      | Reached XP level 9. HP: 44/54 MP: 9/9
  6519 | D:7      | Reached skill level 5 in Armour
  6529 | D:7      | Reached skill level 6 in Maces & Flails
  6735 | D:7      | Found Onowkus's General Store.
  6746 | D:7      | Bought a scroll of magic mapping for 97 gold pieces
  7565 | D:8      | Noticed a two-headed ogre
  7582 | D:8      | Slain by a two-headed ogre

Illustrated notes

Levels and vault maps discovered:
D:1:      dpeg_arrival_water_altar, layout_loops_ring, minmay_tromino_v7
D:2:      layout_rooms, serial_shops, shop, basic_ecumenical_altar, basic_altar,
          due_unseen_surprise
D:3:      layout_rooms, minmay_misc_feat_more_columns
D:4:      layout_cave_pods, minmay_temple_entry_waves, minmay_misc_feat_cross,
          uniq_edmund
D:5:      layout_basic, trog_wizard, nicolae_gozag_conspicuous_consumption,
          grunt_temple_overflow_open, grunt_temple_overflow_holy_war,
          uniq_eustachio, uniq_pikel, uniq_crazy_yiuf_cottage
D:6:      layout_loops_cross, uniq_blork_the_orc, uniq_duvessa
D:7:      layout_basic, serial_shops, nicolae_shop_hallway_plus
D:8:      minmay_opposing_rooms, layout_loops_corners, okawaru_trees_2,
          hangedman_decor_slide_cut
Temple:   nicolae_temple_figure_eight

Skill      XL: |  1  2  3  4  5  6  7  8  9 |
---------------+----------------------------+-----
Polearms       | 3 4 5 |  5.4
Shields        | 1 2 3 |  3.9
Armour         | 1 2 4 5 |  5.6
Fighting       | 4 5 |  5.6
Dodging        | 3 |  3.4
Maces & Flails | 3 5 6 |  6.5
Throwing       | 1 |  1.2
Evocations     | 1 2 |  2.3
Stealth        | 3 |  3.4

Action                   |  1- 3 |  4- 6 |  7- 9 || total
-------------------------+-------+-------+-------++-------
Melee: Spear             |   120 |   182 |       ||   302
       Punch             |     1 |     2 |       ||     3
       Dire flail        |       |       |   172 ||   172
Throw: Boomerang         |       |     3 |     9 ||    12
Evoke: Wand              |       |       |    19 ||    19
  Use: Scroll            |     7 |     4 |     8 ||    19
       Potion            |       |     2 |     1 ||     3
 Stab: Sleeping          |     5 |       |       ||     5
Armor: Robe              |     9 |       |       ||     9
       Ring mail         |    21 |       |       ||    21
       Chain mail        |     5 |    86 |   118 ||   209
Dodge: Dodged            |    31 |    32 |    71 ||   134
Block: Other             |    13 |    29 |    53 ||    95
       Reflection        |       |     1 |     2 ||     3
